 Dungeon Crawl Stone Soup version 0.17.1-2-g5865329 (webtiles) character file.

179 Jerry the Sneak (level 5, 0/36 HPs)
             Began as an Octopode Assassin on Jan 21, 2016.
             Slain by a kobold
             ... wielding a +2 dagger of venom
              (2 damage)
             ... in a sewer.
             The game lasted 00:16:26 (2790 turns).

Jerry the Sneak (Octopode Assassin)                 Turns: 2790, Time: 00:16:26

Health: 0/36       AC:  1    Str: 10    XL:     5   Next: 59%
Magic:  5/5        EV: 13    Int: 13    God:
Gold:   102        SH:  0    Dex: 15    Spells: 0 memorised, 4 levels left

rFire  . . .     SeeInvis .     n - +0 falchion
rCold  . . .     Clarity  .     (no shield)
rNeg   . . .     SustAt   .     (helmet restricted)
rPois  .         Gourm    .     (no amulet)
rElec  .         Spirit   .     (no ring)
rCorr  .         Warding  .     (no ring)
rMut   .         Stasis   .     (no ring)
MR     .....                    (no ring)
Stlth  +++++.....               (no ring)
                                (no ring)
                                (no ring)
                                (no ring)

@: lethally poisoned (0 -> -10), not resistant to hostile enchantments, quite
stealthy
A: almost no armour, amphibious, 8 rings, constrict 8, camouflage 1, gelatinous
body 1
a: no special abilities


You were in a sewer.
You were not hungry.

You visited 1 branch of the dungeon, and saw 3 of its levels.
You also visited: Sewer.

You collected 102 gold pieces.

Inventory:

Hand Weapons
 a - a +2 dagger
 b - a +0 blowgun
 n - a +0 falchion (weapon)
Missiles
 c - 33 poisoned needles
 d - 2 curare-tipped needles
 g - 4 needles of slowing
Scrolls
 h - a scroll of noise {unknown}
 j - a scroll of amnesia {unknown}
 m - 2 scrolls of magic mapping {unknown}
 o - a scroll of random uselessness {unknown}
 p - a scroll of teleportation {unknown}
 q - a scroll of recharging {unknown}
 r - a scroll of fear {unknown}
 t - 2 scrolls of fog {unknown}
Potions
 f - 3 potions of curing {unknown}
 i - 2 potions of poison {unknown}
 k - 2 potions of brilliance {unknown}
 l - a potion of ambrosia {unknown}
 s - 4 potions of flight {unknown}
Comestibles
 e - 4 bread rations


   Skills:
 + Level 3.1 Fighting
 - Level 2.5(2.8) Short Blades
 + Level 1.5(2.2) Long Blades
 - Level 2.0 Throwing
 + Level 2.8 Dodging
 + Level 6.5 Stealth


You had 4 spell levels left.
You didn't know any spells.

Dungeon Overview and Level Annotations

Branches:
Dungeon (3/15)

Altars:
Fedhas
Gozag


Innate Abilities, Weirdness & Mutations

You cannot wear most types of armour.
You are amphibious.
You can wear up to eight rings at the same time.
You can use your tentacles to constrict eight enemies at once.
Your skin changes colour to match your surroundings (Stealth).
Your rubbery body absorbs attacks (AC +1).


Message History

You hit the big kobold but do no damage.
The big kobold is severely wounded.
You constrict the big kobold. The big kobold barely misses you.
The kobold closely misses you.
You barely miss the big kobold. You squeeze the big kobold.
You kill the big kobold!
Your Fighting skill increases to level 3!
You have reached level 5!
You feel agile.
* * * LOW HITPOINT WARNING * * *
You feel sick.
The kobold hits you with a dagger of venom.
* * * LOW HITPOINT WARNING * * *
You are more poisoned.
You hit the kobold. Your grab misses the kobold.
The kobold is almost dead.
* * * LOW HITPOINT WARNING * * *
You feel sick.
The kobold hits you with a dagger of venom.
You die...

##### ## # ##...##
###.# #####≈.≈..#
##≈.≈## ≈%≈≈≈.†.≈≈#
#.K≈..# #####≈†.≈.#
#..@≈# # ##..≈##
###.## ##≈## #.# #≈#
#.# #≈# #.# ##≈##
##.## # ##..≈##
##≈..##
#####≈....####≈.≈).#
≈≈≈≈≈≈..≈.≈≈≈≈≈....#


You could see a kobold.

Vanquished Creatures
  A big kobold (Sewer)
  5 adders
  3 worms
  3 giant geckos (D:3)
  An orc (D:3)
  3 ball pythons
  6 bats
  2 giant cockroaches (D:3)
  3 hobgoblins
  2 jackals (D:2)
  2 quokkas
  A giant newt (D:3)
  5 goblins
  7 kobolds
  8 rats
52 creatures vanquished.

Notes
Turn   | Place    | Note
--------------------------------------------------------------
     0 | D:1      | Jerry the Octopode Assassin began the quest for the Orb.
     0 | D:1      | Reached XP level 1. HP: 14/14 MP: 1/1
   212 | D:1      | Reached XP level 2. HP: 19/19 MP: 2/2
   721 | D:1      | Found a blossoming altar of Fedhas.
   785 | D:2      | Found a faded altar to an unknown god.
   938 | D:2      | Reached XP level 3. HP: 5/24 MP: 3/3
  1460 | D:2      | Reached skill level 6 in Stealth
  1737 | D:3      | Found an opulent altar of Gozag.
  1851 | D:3      | Reached XP level 4. HP: 30/30 MP: 4/4
  2074 | D:3      | Found a glowing drain.
  2078 | Sewer    | Entered a sewer
  2509 | Sewer    | Reached skill level 1 in Long Blades
  2775 | Sewer    | Noticed a big kobold
  2789 | Sewer    | Killed a big kobold
  2789 | Sewer    | Reached XP level 5. HP: 5/36 MP: 5/5
  2790 | Sewer    | Slain by a kobold

Action                   |  1- 3 |  4- 6 || total
-------------------------+-------+-------++-------
Melee: Dagger            |    57 |       ||    57
       Falchion          |     5 |    41 ||    46
 Stab: Sleeping          |     9 |    10 ||    19
  Eat: Chunk             |     3 |     3 ||     6
